 Dungeon Crawl Stone Soup version 0.22-a0-348-gd16d139 (webtiles) character file.

53 Kairos the Shield-Bearer (level 4, -1/37 HPs)
             Began as a Formicid Fighter on Apr 7, 2018.
             Slain by Robin
             ... wielding a +1 mace of protection
              (4 damage)
             ... on level 2 of the Dungeon.
             The game lasted 00:02:32 (1121 turns).

Kairos the Shield-Bearer (Formicid Fighter)         Turns: 1121, Time: 00:02:32

Health: -1/37      AC:  7    Str: 24 (26) XL:     4   Next: 11%
Magic:  4/4        EV:  8    Int:  6 (7)  God:
Gold:   70         SH:  9    Dex:  9 (11) Spells: 3/3 levels left

rFire    . . .     SeeInvis +   a - +0 war axe
rCold    . . .     Gourm    .   c - +0 shield
rNeg     . . .     Faith    .   b - +0 scale mail
rPois    .         Spirit   .   (helmet unavailable)
rElec    .         Reflect  .   e - scarf {repulsion}
rCorr    .         Harm     .   (no gloves)
MR       .....                  (no boots)
Stlth    ..........             (no amulet)
HPRegen  0.12/turn              (no ring)
MPRegen  0.09/turn              (no ring)

@: mighty, repel missiles
A: permanent stasis, dig shafts and tunnels, four strong arms, antennae 3
a: Dig, Shaft Self


You were on level 2 of the Dungeon.
You were hungry.

You visited 1 branch of the dungeon, and saw 2 of its levels.

You collected 70 gold pieces.

Inventory:

Hand Weapons
 a - a +0 war axe (weapon)
Armour
 b - a +0 scale mail (worn)
 c - a +0 shield (worn)
 e - a scarf of repulsion (worn)
Scrolls
 g - a scroll of random uselessness {unknown}
 i - a scroll of identify {unknown}
 j - a scroll of fog {unknown}
 k - a scroll of remove curse {unknown}
Potions
 h - a potion of degeneration
Comestibles
 f - a ration


   Skills:
 + Level 3.6 Fighting
 + Level 2.6 Axes
 + Level 4.0 Armour
 + Level 0.2 Dodging
 + Level 0.2 Stealth
 + Level 4.0 Shields


You had 3 spell levels left.
You didn't know any spells.

Dungeon Overview and Level Annotations

Branches:
Dungeon (2/15)

Altars:

Annotations:
D:2 Robin


Innate Abilities, Weirdness & Mutations

You cannot be hasted, slowed, berserked, paralysed or teleported.
You can dig through walls and to a lower floor.
Your four strong arms can wield two-handed weapons with a shield.
You have a pair of large antennae on your head. (SInv)


Message History

You slash the hobgoblin!
You kill the hobgoblin!
You closely miss the goblin. You slash the goblin!
You kill the goblin!
You block the goblin's attack. Robin closely misses you.
You barely miss Robin. You hit the goblin.
You kill the goblin!
You block Robin's attack.
You slash Robin!
Robin is heavily wounded.
Robin hits you with a mace of protection.
* * * LOW HITPOINT WARNING * * *
You hit Robin.
Robin is almost dead.
You block Robin's attack.
You barely miss Robin.
Robin is almost dead.
Robin hits you but does no damage.
Robin hits you with a mace of protection.
You die...

#..# #..# #..# ..
#..### ... ...).
.... #..#
....#####).######
.......)@g)......
#..#.###).######
#..........#
#.>.(......+
#.#........# #.#
#.........## #.#
####.##..## #.#
####[##..# #.#
.........# #.#


You could see Robin.

Vanquished Creatures
  An ooze (D:1)
  A dart slug (D:1)
  A leopard gecko (D:1)
  A giant cockroach (D:1)
  15 goblins
  6 hobgoblins
  A quokka (D:2)
  A ball python (D:1)
  5 bats
  A frilled lizard (D:1)
  6 kobolds (D:1)
  4 rats (D:1)
43 creatures vanquished.

Notes
Turn   | Place    | Note
-------+----------+-------------------------------------------
     0 | D:1      | Kairos the Formicid Fighter began the quest for the Orb.
     0 | D:1      | Reached XP level 1. HP: 18/18 MP: 1/1
   117 | D:1      | Reached XP level 2. HP: 20/24 MP: 2/2
   272 | D:1      | Reached XP level 3. HP: 25/29 MP: 3/3
  1103 | D:2      | Noticed Robin
  1113 | D:2      | Reached XP level 4. HP: 14/36 MP: 4/4
  1121 | D:2      | Slain by Robin

Vault maps used:
D:1:      dpeg_arrival_tiny_i
D:2:      bloody_trog, okawaru_altar_gauntlet_db, uniq_robin, uniq_sigmund

Skill      XL: |  1  2  3 |
---------------+----------+-----
Shields        | 4 |  4.0
Armour         | 4 |  4.0
Fighting       | |  3.6
Axes           | |  2.6
Dodging        | |  0.2
Stealth        | |  0.2

Action                   |  1- 3 |  4- 6 || total
-------------------------+-------+-------++-------
Melee: War axe           |    96 |     6 ||   102
  Use: Potion            |       |     2 ||     2
Armor: Scale mail        |    40 |     4 ||    44
Dodge: Dodged            |    46 |     2 ||    48
       Deflected         |     3 |       ||     3
Block: Shield            |    71 |     6 ||    77

Table legend:
 A = Spawn XP
 B = Non-spawn XP
 C = Spawn XP percentage of total XP
 D = Spawn monster count
 E = Non-spawn monster count
 F = Spawn count percentage of total count
 G = Total turns spent on level
                    A         B        C        D         E        F      G
               +---------+---------+-------+---------+---------+-------+---------
         Total |       0 |      77 |   0.0 |       0 |      43 |   0.0 |  1121
               +---------+---------+-------+---------+---------+-------+---------
           D:1 |       0 |      49 |   0.0 |       0 |      27 |   0.0 |  1033
           D:2 |       0 |      28 |   0.0 |       0 |      16 |   0.0 |    88
               +---------+---------+-------+---------+---------+-------+---------
